 Dungeon Crawl Stone Soup version bcrawl-1.36 (webtiles) character file.

Game seed: 708507926964083921

128162 Mrkan the Stinger (level 3, 0/28 HPs)
             Began as a Gnoll Wanderer on Apr 17, 2022.
             Succumbed to a worker ant's poison
             ... on level 2 of the Dungeon.
             The game lasted 00:02:15 (1078 turns).

Mrkan the Stinger (Gnoll Wanderer)                  Turns: 1078, Time: 00:02:16

Health: 0/28       AC:  2    Str: 18    XL:     3   Next: 60%
Magic:  7/7        EV: 11    Int: 13    God:
Gold:   30         SH:  0    Dex: 12    Spells: 7/7 levels left

rFire    . . .     SeeInvis .   a - +0 club
rCold    . . .     Gourm    .   (no shield)
rNeg     . . .     Faith    .   d - +0 robe
rPois    .         Spirit   .   (no helmet)
rElec    .         Reflect  .   (no cloak)
rCorr    .                      (no gloves)
MR       .....                  (no boots)
Stlth    +++.......             (no amulet)
HPRegen  0.09/turn              (no ring)
MPRegen  0.10/turn              (no ring)

@: lethally poisoned (0 -> -8)
A: distributed training, fangs 1, strong nose
a: no special abilities


You were on level 2 of the Dungeon.
You were hungry.

You visited 1 branch of the dungeon, and saw 2 of its levels.

You collected 30 gold pieces.

Inventory:

Hand Weapons
 a - a +0 club (weapon)
 f - a +0 dagger
Armour
 d - a +0 robe (worn)
Jewellery
 h - an uncursed amulet of faith {unknown}
Wands
 g - a wand of enslavement (15)
Scrolls
 i - 2 scrolls of identify
 k - a scroll of amnesia {unknown}
 l - 2 scrolls of enchant armour {unknown}
 m - a scroll of remove curse {unknown}
Potions
 b - 2 potions of heal wounds {unknown}
 c - a potion of berserk rage
 j - a potion of agility {unknown}
 n - a potion of haste {unknown}
Comestibles
 e - 2 rations {!d}


   Skills:
 + Level 2.6 Fighting
 + Level 0.8 Short Blades
 + Level 0.8 Long Blades
 + Level 0.8 Axes
 + Level 0.8 Maces & Flails
 + Level 2.6 Polearms
 + Level 0.8 Staves
 + Level 0.8 Slings
 + Level 0.8 Bows
 + Level 0.8 Crossbows
 + Level 0.8 Throwing
 + Level 0.8 Armour
 + Level 0.8 Dodging
 + Level 4.5 Stealth
 + Level 0.8 Shields
 + Level 0.8 Unarmed Combat
 + Level 2.8 Spellcasting
 + Level 0.5 Conjurations
 + Level 2.1 Hexes
 + Level 0.5 Charms
 + Level 0.5 Summonings
 + Level 0.5 Necromancy
 + Level 0.5 Translocations
 + Level 0.5 Transmutations
 + Level 0.5 Fire Magic
 + Level 0.5 Ice Magic
 + Level 0.5 Air Magic
 + Level 0.5 Earth Magic
 + Level 5.4 Poison Magic
 + Level 1.0 Invocations
 + Level 2.6 Evocations


You had 7 spell levels left.
You didn't know any spells.
Your spell library contained the following spells:

 Spells                   Type           Power        Failure   Level  Hunger
 Slow                     Hex            #.......     10%         1    None
 Apportation              Tloc           #.....       19%         1    None
 Infusion                 Chrm           #.......     19%         1    None
 Sandblast                Erth           #.....       19%         1    None
 Summon Butterflies       Summ           #.......     19%         1    None


Dungeon Overview and Level Annotations

Branches:
Dungeon (2/12)

Altars:


Innate Abilities, Weirdness & Mutations

Your experience applies equally to all skills.
You have very sharp teeth.
Your uncanny sense of smell can sniff out nearby items.


Message History

You barely miss the worker ant.
You bite the worker ant, but do no damage.
The worker ant waves its antennae.
The worker ant bites you. x2
You hit the worker ant but do no damage.
The worker ant bites you.
You are feeling hungry.
You hit the worker ant but do no damage.
The worker ant barely misses you. The worker ant bites you.
You are lethally poisoned!
The worker ant poisons you!
You barely miss the worker ant.
* * * LOW HITPOINT WARNING * * *
You feel sick. The worker ant bites you.
* * * LOW HITPOINT WARNING * * *
You hit the worker ant but do no damage.
Your bite misses the worker ant. The worker ant barely misses you.
The worker ant closely misses you.
You closely miss the worker ant.
You die...

..#.# #.....# ..#.#
##.....########## ..#.#
#..(...#........# ..#.#
#...............#
..#.#########.#.....#.......#####
..............##.#[##÷......'††..
..#.###.#####....##.........#####
..#.# #.# #.##)#.##.###########
#.#.###.# #.#a@...#.# #......
#'#.[...# #.........# #......
......### #....##.##.# #......
.)....#######..####..# ####...
.>....'................ #...
......############### .. .$...
......# . ###### ####### # #


You could see a worker ant.

Vanquished Creatures
  An ooze (D:1)
  A worm (D:2)
  2 dart slugs
  2 leopard geckos (D:1)
  A ball python (D:1)
  5 bats
  A giant cockroach (D:2)
  A goblin (D:2)
  3 hobgoblins (D:1)
  A jackal (D:1)
  2 frilled lizards
  3 kobolds (D:1)
  7 rats
30 creatures vanquished.

Notes
Turn   | Place    | Note
-------+----------+-------------------------------------------
     0 | D:1      | Mrkan the Gnoll Wanderer began the quest for the Orb.
     0 | D:1      | Mrkan set off with the following items: a +0 club, a potion
                  | of berserk rage, a +0 robe, a ration {!d}, a +0 dagger, a
                  | wand of enslavement (15); and the following spells
                  | available to memorise: Slow, Apportation, Infusion,
                  | Sandblast, Summon Butterflies
     0 | D:1      | Reached XP level 1. HP: 17/17 MP: 4/4
   239 | D:1      | Reached XP level 2. HP: 19/23 MP: 5/5
   282 | D:1      | HP: 1/23 [jackal (1)]
   582 | D:1      | Reached XP level 3. HP: 25/28 MP: 7/7
   922 | D:2      | Reached skill level 1 in Invocations
  1076 | D:2      | HP: 1/28 [worker ant (6)]
  1078 | D:2      | Succumbed to a worker ant's poison

Skill      XL: |  1  2  3 |
---------------+----------+-----
Hexes          | 2 |  2.1
Invocations    | 1 |  1.0
Fighting       | |  2.6
Short Blades   | |  0.8
Long Blades    | |  0.8
Axes           | |  0.8
Maces & Flails | |  0.8
Polearms       | |  2.6
Staves         | |  0.8
Slings         | |  0.8
Bows           | |  0.8
Crossbows      | |  0.8
Throwing       | |  0.8
Armour         | |  0.8
Dodging        | |  0.8
Stealth        | |  4.5
Shields        | |  0.8
Unarmed Combat | |  0.8
Spellcasting   | |  2.8
Conjurations   | |  0.5
Charms         | |  0.5
Summonings     | |  0.5
Necromancy     | |  0.5
Translocations | |  0.5
Transmutations | |  0.5
Fire Magic     | |  0.5
Ice Magic      | |  0.5
Air Magic      | |  0.5
Earth Magic    | |  0.5
Poison Magic   | |  5.4
Evocations     | |  2.6

Action                   || total
-------------------------++-------
Melee: Club              ||   121
       Bite              ||     8
 Stab: Sleeping          ||     5
  Eat: Chunk             ||     4
Armor: Robe              ||    46
Dodge: Dodged            ||    90
